Cogmind - Beta 16 @@@ ROGUE MODE // 2025.12.31 @ 02:10:55 Player: MrProgressor Result: Destroyed by H-71 Marshal with Heavy Mass Driver Performance ------------- Evolutions (7) 3500 Regions Visited (13) 2600 Robots Destroyed (151) 755 Value Destroyed (6348) 6348 Prototype IDs (37) 740 Alien Tech Used (1) 200 Bonus (2867) 2867 TOTAL SCORE: 17010 Bonus ------- High Alert Combat Kills 129 Follower Combat Kills 153 Delivered SUBCON Basin 2000 Registered with UFD 300 Met Data Miner 300 Friendly Fire -15 Cogmind --------- Core Integrity 0/1300 Matter 245/300 Energy 20/100 System Corruption 16% Temperature Cool (0) Movement Core (50) Location -3/Research Parts ------- > --- POWER (2) -------- (None) > --- PROPULSION (6) --- Flexi-carbon Leg Q-thruster Q-thruster Q-thruster > --- UTILITY (11) ----- Advanced Visual Processing Unit Advanced Signal Interpreter Jamming Amplifier Improved Cloaking Device > --- WEAPON (3) ------- (None) > --- INVENTORY (5) ---- Light Antimatter Reactor Advanced Heat Sink Improved Coolant Injector Matter Compressor (84) Machine Rigger Peak State ------------ > --- POWER ------------ Neutrino Core Light Antimatter Reactor > --- PROPULSION ------- Antigrav System Antigrav System Antigrav System Antigrav System Antigrav System Improved Antigrav System > --- UTILITY ---------- Huge Storage Unit Gravity Neutralizer Advanced Visual Processing Unit Improved Sensor Array Advanced Signal Interpreter Advanced Melee Analysis Suite Advanced Transmission Jammer Jamming Amplifier Thermal Defense Suite > --- WEAPON ----------- Wave Gun Matter Neutralizer Heavy Mace > --- INVENTORY -------- Micro Fission Core Centrium Wheel Antigrav System Antigrav System Antigrav System Antigrav System Antigrav System Antigrav System Antigrav System Q-thruster Advanced Heat Sink Advanced Cooling System Compact Battery Matter Compressor Machine Rigger Dispersion Rifle Quantum Rifle Disruptor Cannon Heavy Phase Cannon Hardcell Cannon Heavy Rocket Launcher Smartbomb Launcher [Rating: 121] Favorites ----------- Power Ion Engine Engine Ion Engine Power Core Light Fission Core Reactor Light Antimatter Reactor Propulsion Wheel Treads Improved Treads Leg Flexi-carbon Leg Wheel Wheel Hover Unit Antigrav System Flight Unit Q-thruster Utility Huge Storage Unit Device Experimental Sensor Array Storage Huge Storage Unit Processor Advanced Signal Interpreter Hackware Improved Hacking Suite Protection Light Armor Plating Weapon Chainsword Energy Gun Beamcaster Energy Cannon Subdweller Beam Cannon Ballistic Gun Railgun Ballistic Cannon Light Cannon Launcher Heavy Rocket Launcher Impact Weapon Heavy Mace Slashing Weapon Chainsword Piercing Weapon Lance Build | -11 -10 -10 -10 -9 -9 -6 -6 -6 -6 -5 -5 -4 -3 ------- Run | Yrd Mat Min Sub Rec Scr Fac Low Low Dat Pro Fac Fac Res Slots Evolved 14 | . . . . . . 8 . . . . 2 2 2 Power 1 | . . . . . . 1 . . . . . . . Propulsion 4 | . . . . . . 2 . . . . . 2 . Utility 9 | . . . . . . 5 . . . . 2 . 2 Weapon . | . . . . . . . . . . . . . . Parts Attached 185 | 7 12 3 19 1 2 33 4 4 . . 30 29 41 Power 26 | 1 3 1 3 . . 6 1 . . . 5 1 5 Engine 13 | 1 3 1 3 . . 3 1 . . . 1 . . Core 10 | . . . . . . 3 . . . . 4 1 2 Reactor 3 | . . . . . . . . . . . . . 3 Propulsion 52 | 2 5 . 3 . . 4 . 1 . . 8 9 20 Treads 7 | . 4 . . . . . . . . . 3 . . Leg 3 | . . . . . . . . . . . . . 3 Wheel 24 | 2 1 . 3 . . 4 . . . . 4 9 1 Hover 14 | . . . . . . . . 1 . . 1 . 12 Flight 4 | . . . . . . . . . . . . . 4 Utility 62 | 2 3 1 5 1 2 17 1 2 . . 11 13 4 Device 33 | 1 . . 4 1 1 8 1 1 . . 6 7 3 Storage 4 | 1 1 1 . . . . . . . . . . 1 Processor 10 | . . . . . 1 4 . . . . 4 1 . Hackware 2 | . . . . . . 1 . . . . . 1 . Protection 13 | . 2 . 1 . . 4 . 1 . . 1 4 . Artifact . | . . . . . . . . . . . . . . Weapon 45 | 2 1 1 8 . . 6 2 1 . . 6 6 12 Energy Gun 9 | . . 1 1 . . . 1 . . . 1 . 5 Energy Cannon 8 | . . . 1 . . 2 . . . . 1 1 3 Ballistic Gun 11 | 2 . . 2 . . 2 . . . . . 4 1 Ballistic Cannon 5 | . 1 . 1 . . 1 . . . . . 1 1 Launcher 4 | . . . 1 . . . . . . . 1 . 2 Special Weapon . | . . . . . . . . . . . . . . Impact Weapon 2 | . . . . . . . . . . . 2 . . Slashing Weapon 3 | . . . 1 . . 1 . . . . 1 . . Piercing Weapon 3 | . . . 1 . . . 1 1 . . . . . Special Melee Weapon . | . . . . . . . . . . . . . . Unidentified Prototypes 6 | . . . 1 . . . . 1 . . . 4 . Corrupted Parts 2 | . . . . . . . . . . . . . 2 System Corruption 3 | . . . . . . . . . . . . . 3 Parts Lost 97 | . 3 1 3 . . 7 . . . . 22 20 41 Power 13 | . 1 . . . . 2 . . . . 3 2 5 Propulsion 29 | . . . 1 . . 2 . . . . 4 6 16 Utility 28 | . 2 . 1 . . 2 . . . . 8 8 7 Weapon 27 | . . 1 1 . . 1 . . . . 7 4 13 Highest Loss Streak 21 | . 2 1 1 . . 7 . . . . 21 6 18 To Critical Strikes . | . . . . . . . . . . . . . . Average Backups 19 | 2 7 9 19 9 20 21 22 23 24 23 16 21 15 Power 1 | . . 1 2 1 1 . . . . . . 1 . Propulsion 2 | 1 3 3 3 2 1 2 2 2 3 2 1 2 4 Utility 8 | . 2 4 6 3 9 8 9 10 11 11 7 10 5 Weapon 5 | . 1 1 7 3 3 5 7 7 8 8 5 6 5 Tool/Special . | . . . . . . . . . . . . . . Unused Backups 60 | . 3 . 12 . 5 12 6 1 . . 11 4 6 Power 4 | . . . 2 . . 2 . . . . . . . Propulsion 10 | . 1 . 3 . . 1 4 . . . . . 1 Utility 27 | . 1 . 2 . 3 6 1 . . . 5 4 5 Weapon 14 | . 1 . 5 . . 2 . 1 . . 5 . . Tool/Special 5 | . . . . . 2 1 1 . . . 1 . . Average Slot Usage (%) 89 | . 99 95 99 100 100 85 85 86 87 87 80 90 69 Engine 7 | . 13 14 14 14 14 6 5 6 6 6 . . . Core 3 | . . . . . . 4 6 6 6 6 6 9 3 Treads 2 | . 22 7 . . . . . . . . 1 12 . Wheel 16 | . 5 20 27 28 28 13 13 12 12 12 9 8 3 Device 12 | . 7 10 13 14 4 11 13 11 12 12 19 13 14 Storage 8 | . 14 14 14 14 14 6 6 6 6 6 3 5 3 Processor 13 | . . . . . 9 21 20 18 18 18 17 20 18 Hackware 2 | . . . . . . 5 6 6 6 6 5 4 . Energy Gun 5 | . . 3 13 14 14 . 4 . . . . 1 3 Energy Cannon 3 | . . . . 14 14 3 . . . . 2 2 2 Ballistic Gun 2 | . 15 9 5 . . 2 . . . . . 4 . Ballistic Cannon 1 | . 12 14 2 . . . . . . . . 1 . Slashing Weapon 2 | . . . . . . 5 6 6 6 6 3 . . Piercing Weapon 2 | . . . 5 . . . 1 10 12 12 4 . . Peak Build Rating 121 | 9 10 12 34 40 25 84 87 93 92 93 102 109 121 Average Rating 61 | 5 8 10 19 37 23 75 84 91 92 92 84 98 88 On Entrance 50 | . 9 10 12 34 22 25 80 87 92 92 92 89 65 Avg Prop Armor Cover (%) 17 | . . . . . . . . . . . 17 18 14 Naked Turns . | . . . . . . . . . . . . . . Heaviest Build 141 | 13 21 92 99 100 100 123 117 117 111 113 129 141 131 Greatest Support 128 | 20 40 40 40 20 20 56 56 56 56 56 116 128 79 Greatest Overweight (x) 9 | . 1 4 9 4 4 2 2 2 1 2 5 5 4 Average Overweight (x) 2 | . . . 4 4 4 1 1 1 1 1 1 2 2 Largest Inventory Capacity 25 | 8 10 25 25 25 25 25 25 25 25 25 25 25 25 Average Capacity 23 | 7 8 10 25 25 25 25 25 25 25 25 20 25 22 Most Carried 25 | 7 8 10 25 25 25 25 25 25 25 25 25 25 24 Average Carried 21 | 3 7 9 22 24 21 24 24 24 25 24 18 22 15 Final Capacity 25 | 8 10 25 25 25 25 25 25 25 25 25 25 25 5 Final Carried 25 | 6 8 10 25 11 25 25 25 25 25 25 16 25 5 Class Distribution -------------------- 31% | Scavenger-Mutant 31% | Assassin 23% | Mutant 6% | Infiltrator-Assassin Dominant Class ---------------- Mutant | -10/Materials Mutant | -10/Mines Scavenger-Mutant | -10/Subcaves Scavenger-Mutant | -9/Recycling Scavenger-Mutant | -9/Scraptown Mutant | -6/Factory Assassin | -6/Lower Caves Assassin | -6/Lower Caves Assassin | -6/Data Miner Assassin | -5/Proximity Caves Infiltrator-Assassin | -5/Factory Assassin | -4/Factory Scavenger-Assassin | -3/Research Resources | -11 -10 -10 -10 -9 -9 -6 -6 -6 -6 -5 -5 -4 -3 ----------- Run | Yrd Mat Min Sub Rec Scr Fac Low Low Dat Pro Fac Fac Res Matter Collected 5682 | 271 406 124 664 . 90 820 246 160 . 59 784 1129 929 Remotely . | . . . . . . . . . . . . . . Salvage Created 6102 | 28 467 57 426 . . 949 238 353 . 49 1271 955 1309 Parts 288 | 3 35 4 23 . . 43 13 17 . . 56 41 53 Haulers Intercepted 6 | . 1 . . . . 4 . . . . 1 . . Recyclers Shooed 13 | . 3 1 . . . 3 . . . . . 3 3 Parts Field Recycled . | . . . . . . . . . . . . . . Retrieved Matter . | . . . . . . . . . . . . . . Parts Self-Destructed 24 | . . . 10 . . . 9 5 . . . . . Prevented 1 | . . . . . . . 1 . . . . . . Parts Restored . | . . . . . . . . . . . . . . Kills | -11 -10 -10 -10 -9 -9 -6 -6 -6 -6 -5 -5 -4 -3 ------- Run | Yrd Mat Min Sub Rec Scr Fac Low Low Dat Pro Fac Fac Res Combat Hostiles Destroyed 110 | . 18 2 9 . . 11 7 1 . . 23 13 26 Melee 28 | . . . 2 . . 9 3 1 . . 11 2 . Guns 19 | . 6 . 2 . . 2 . . . . . 5 4 Cannons 23 | . 12 2 . . . . . . . . . 4 5 AOE 37 | . . . 5 . . . 4 . . . 12 . 16 Classes Destroyed 18 | 1 5 . 2 . . 4 2 1 . . 2 . 1 Worker 6 | . . . . . . . . . . . 2 1 3 Builder 6 | . . . . . . 2 . . . . . . 4 Tunneler 2 | 1 . . . . . . . . . . . . 1 Hauler 6 | . 1 . . . . 4 . . . . 1 . . Recycler 6 | . . . . . . . . . . . 1 2 3 Minesweeper 1 | . . . . . . . 1 . . . . . . Mechanic 1 | . . . . . . . . . . . . . 1 Operator 1 | . 1 . . . . . . . . . . . . Turret 2 | . . . 2 . . . . . . . . . . Watcher 9 | . 1 . . . . 2 . . . . 2 1 3 Swarmer 36 | . 9 . . . . 3 4 1 . . 5 . 14 Grunt 27 | . 9 2 1 . . . 2 . . . 5 . 8 Duelist 1 | . . . . . . . 1 . . . . . . Sentry 5 | . . . . . . 1 . . . . 3 . 1 Hunter 9 | . . . . . . 3 . . . . 2 4 . Programmer 24 | . . . . . . 4 . . . . 8 9 3 Subdweller 9 | . . . 9 . . . . . . . . . . Samaritan 8 | . . . . . . . . 8 . . . . . Best Kill Streak 12 | 1 6 2 3 . . 3 4 1 . . 5 5 12 Combat Bots Only 6 | . 6 2 3 . . 3 4 1 . . 5 4 6 Max Kills in Single Turn 5 | 1 1 1 3 . . 1 3 1 . . 5 1 5 Gunslinging 1 | . . . . . . . . . . . . . 1 Exploded 5 | . . . 3 . . . 3 . . . 5 . 5 Melee 1 | . . . 1 . . 1 1 1 . . 1 1 . Uniques/NPCs Destroyed . | . . . . . . . . . . . . . . Combat | -11 -10 -10 -10 -9 -9 -6 -6 -6 -6 -5 -5 -4 -3 -------- Run | Yrd Mat Min Sub Rec Scr Fac Low Low Dat Pro Fac Fac Res Hostile Shots Fired 1225 | . 127 25 43 . . 194 18 11 . . 238 256 313 Missed 332 | . 27 11 23 . . 50 3 6 . . 52 67 93 Hits 893 | . 100 14 20 . . 144 15 5 . . 186 189 220 Projectile 893 | . 100 14 20 . . 144 15 5 . . 186 189 220 AOE 8 | . . . 1 . . 1 . . . . 1 4 1 Critical Strikes 41 | . . . 1 . . 3 . . . . 8 11 18 Actively Blocked 1 | . . . . . . . . . . . . 1 . Part Disruptions 1 | . . . . . . . . . . . . . 1 Damage Taken 15334 | . 918 174 313 . . 1884 235 57 . . 3367 3527 4859 Core 2832 | . 135 10 18 . . 175 . 26 . . 892 274 1302 Absorbed by Shields 995 | . . . . . . 222 38 15 . . 338 382 . Reduced by Siege Mode 92 | . . . . . . . . . . . . 92 . Redirected to Shielding 114 | . . . . . . . . . . . . 114 . Ignored by Resistances 146 | . . . . . . 28 . . . . 5 51 62 Regen/Repaired (Parts) 497 | . . . . . . . . . . . 332 165 . Core Remaining (%) 59 | 100 . . . . 34 . . . . 76 10 76 . Volleys Fired 269 | 1 57 13 38 . . 33 3 . . . 6 54 64 Largest 3 | 2 2 2 2 . . 2 1 . . . 1 3 3 Hottest 265 | 40 50 50 115 . . 155 80 . . . 85 141 265 Shots Fired 481 | 2 114 20 56 . . 41 4 . . . 6 125 113 Gun 295 | 2 59 7 47 . . 13 3 . . . . 99 65 Cannon 161 | . 55 13 6 . . 28 . . . . 2 26 31 Launcher 25 | . . . 3 . . . 1 . . . 4 . 17 Special . | . . . . . . . . . . . . . . Kinetic 325 | 2 114 20 26 . . 18 1 . . . . 114 30 Thermal 104 | . . . 30 . . 23 3 . . . 2 . 46 Explosive 21 | . . . . . . . . . . . 4 . 17 Electromagnetic 31 | . . . . . . . . . . . . 11 20 Robot Hit Streak 12 | 1 8 4 12 . . 6 2 . . . 3 12 8 Robot Miss Streak 7 | 1 7 3 3 . . 6 1 . . . . 4 4 Penetration Max 1 | . . . . . . . . . . . . 1 . Secondary Targets 5 | . . . . . . . . . . . . 3 2 Max Gunslinging Chain 1 | . . . . . . . . . . . . 1 1 Shots Hit Robots 435 | 1 65 13 33 . . 77 7 16 . 2 57 86 78 Core Hits 232 | 1 31 4 18 . . 31 7 5 . . 40 26 69 Critical Kills 3 | . . . . . . 1 . . . . . 1 1 Critical Parts Destroyed 10 | . 1 . . . . . . . . . . 7 2 Critical Strikes 46 | . 5 . 4 . . 10 . 2 . . 9 12 4 Burn 3 | . . . 3 . . . . . . . . . . Meltdown 2 | . . . . . . 1 . . . . . . 1 Destroy 5 | . 1 . . . . . . . . . . 4 . Blast 9 | . 4 . . . . . . . . . . 4 1 Smash 6 | . . . . . . . . . . . . 4 2 Sever 15 | . . . . . . 9 . 1 . . 5 . . Impale 6 | . . . 1 . . . . 1 . . 4 . . Melee Attacks 333 | . . . 25 . . 110 25 23 . 6 89 36 19 Impact 63 | . . . . . . . . . . . 8 36 19 Slashing 168 | . . . . . . 110 15 13 . 2 28 . . Piercing 102 | . . . 25 . . . 10 10 . 4 53 . . Sneak Attacks 32 | . . . . . . 11 1 12 . . 5 1 2 Combat Hostiles 2 | . . . . . . 1 . . . . 1 . . Follow-up Attacks 15 | . . . . . . . . 3 . . 12 . . Damage Inflicted 18775 | 15 940 225 992 . . 2909 465 1032 . 162 3819 3230 4986 Guns 3742 | 15 406 49 475 . . 91 25 . . . . 1581 1100 Cannons 2266 | . 534 176 39 . . 263 . . . . . 578 676 Explosions 5227 | . . . 360 . . . 196 . . . 1736 200 2735 Melee 7525 | . . . 118 . . 2555 244 1032 . 162 2077 871 466 Ramming 15 | . . . . . . . . . . . 6 . 9 Kinetic 4787 | 15 940 225 554 . . 137 196 . . . . 1988 732 Thermal 2019 | . . . 320 . . 217 25 . . . 460 200 797 Explosive 4011 | . . . . . . . . . . . 1276 . 2735 Electromagnetic 418 | . . . . . . . . . . . . 171 247 Impact 1452 | . . . . . . . . . . . 115 871 466 Slashing 3977 | . . . . . . 2555 177 671 . . 574 . . Piercing 2096 | . . . 118 . . . 67 361 . 162 1388 . . Highest Corruption 22 | . 1 1 1 1 . 5 5 5 5 5 10 22 16 Average Corruption 4 | . 1 1 1 1 . 2 5 5 5 5 8 11 6 Corruption Purged 4 | . . . . . . . . . . . 4 . . Corruption Blocked . | . . . . . . . . . . . . . . Effects 257 | . 7 2 16 3 . 29 41 18 2 13 34 69 23 Message Errors 71 | . 3 2 3 . . 9 17 4 . 4 10 15 4 Matter Fused 72 | . . . 7 1 . 11 6 5 . 5 11 24 2 Heat Flow Errors 22 | . . . 1 . . 1 8 2 1 2 . 5 2 Energy Discharges 32 | . 1 . 1 1 . 2 7 2 1 1 5 6 5 Parts Rejected 4 | . . . . . . 1 . . . . 1 1 1 Parts Fused 5 | . . . . 1 . 1 . . . . . 2 1 Data Loss (minor) 23 | . 1 . 3 . . 3 1 1 . . 6 5 3 Data Loss (major) 6 | . . . . . . . . 2 . 1 . 3 . Misfires 4 | . 1 . . . . 1 1 . . . . 1 . Alerts 5 | . . . 1 . . . 1 2 . . 1 . . Misdirections 3 | . . . . . . . . . . . . 1 2 Weapon Failures 10 | . 1 . . . . . . . . . . 6 3 Overload Shots . | . . . . . . . . . . . . . . Overflow Damage 1834 | . . . . . . 162 31 402 . 145 317 402 375 Projectiles 59 | . . . . . . 15 . . . . . 32 12 Explosions 221 | . . . . . . . 31 . . . 77 . 113 Melee 1554 | . . . . . . 147 . 402 . 145 240 370 250 Knockbacks 37 | . 8 4 . . . 3 . . . . 1 13 8 Impact 15 | . . . . . . . . . . . 1 9 5 Kinetic 20 | . 8 4 . . . 3 . . . . . 3 2 Secondary 2 | . . . . . . . . . . . . 1 1 Self-Inflicted Damage 70 | . . . . . . . . . . . 42 . 28 Shots 2 | . . . . . . . . . . . 1 . 1 Rammed 2 | . . . . . . . . . . . 1 . 1 Targets Rammed 5 | . . . . . . . . . . . 1 . 4 Kicked 3 | . . . . . . . . . . . . . 3 Crushed . | . . . . . . . . . . . . . . Highest Temperature 330 | . 18 11 235 . . 210 238 239 188 269 72 330 273 Average Temperature 88 | . 7 3 55 . . 75 91 122 125 124 37 93 109 Received Heat Transfer 2527 | . 165 96 307 . . 23 70 . . . 819 193 854 Siege Activations 2 | . . . . . . . . . . . . 2 . Total Turns 56 | . . . . . . . . . . . . 56 . Longest Duration 39 | . . . . . . . . . . . . 39 . Martial Activations . | . . . . . . . . . . . . . . Shielding Activations . | . . . . . . . . . . . . . . Robots Disrupted . | . . . . . . . . . . . . . . Combat Hostiles . | . . . . . . . . . . . . . . Robots Corrupted 8 | . . . . . . . . . . . 1 2 5 Combat Hostiles 3 | . . . . . . . . . . . . 2 1 Parts Fried 16 | . . . . . . . . . . . 2 4 10 Impact Corruptions 24 | . . . . . . . . . . . 1 12 11 Robots Melted 2 | . . . . . . 1 . . . . . . 1 Combat Hostiles . | . . . . . . . . . . . . . . Parts Melted 4 | . . . . . . 1 . . . . . 1 2 Heat Transferred 2700 | . . . 851 . . 322 37 . . . 250 100 1140 Parts Sabotaged . | . . . . . . . . . . . . . . Parts Stolen . | . . . . . . . . . . . . . . Parts Stripped . | . . . . . . . . . . . . . . Power Chain Reactions . | . . . . . . . . . . . . . . Alert | -11 -10 -10 -10 -9 -9 -6 -6 -6 -6 -5 -5 -4 -3 ------- Run | Yrd Mat Min Sub Rec Scr Fac Low Low Dat Pro Fac Fac Res Maximum Alert Level 3 | . 1 . . . . . . . . . 3 2 1 Low Security (%) 61 | 100 79 100 . 100 . 100 . . . . 68 7 11 Level 1 30 | . 20 . . . . . . . . . 2 91 88 Level 2 5 | . . . . . . . . . . . 22 1 . Level 3 1 | . . . . . . . . . . . 6 . . Level 4 . | . . . . . . . . . . . . . . Level 5 . | . . . . . . . . . . . . . . High Security . | . . . . . . . . . . . . . . Max Security . | . . . . . . . . . . . . . . Peak Influence 853 | 5 244 78 . 39 . 152 . . . . 853 409 386 Initial 409 | . . 78 . 39 . . . . . . . 409 111 Average 151 | 1 95 18 . 8 . 40 . . . . 194 273 255 Influence Increases 4811 | 5 524 50 141 30 . 702 465 20 . . 1308 607 959 Destroy 0b10 Robot/C 2080 | . 360 40 60 . . 220 140 20 . . 460 260 520 Destroy 0b10 Robot/NC 190 | 5 15 . . . . 40 5 . . . 30 20 75 Destroy Leader 420 | . 74 10 . . . 72 20 . . . 96 72 76 Allied During Kill 6 | . . . 6 . . . . . . . . . . Successful Hack 223 | . 15 . . . . 61 . . . . 53 26 68 Select Force Hacks 30 | . . . . 30 . . . . . . . . . Disable Machine 405 | . 30 . . . . 75 . . . . 210 90 . Anti-Garrison Action 150 | . . . . . . 150 . . . . . . . Destroy Structure 737 | . . . . . . 39 . . . . 384 124 190 Partial Spotted 45 | . 15 . . . . 30 . . . . . . . Lose Combat Pursuer 525 | . 15 . 75 . . 15 300 . . . 75 15 30 Influence Decreases 4591 | 5 321 253 58 113 . 673 354 160 . . 471 1232 951 Entered New Map 736 | . . 125 . 44 . . 11 27 . . . 428 101 Time Decay 3001 | 5 291 128 58 69 . 603 343 133 . . 327 604 440 Lost Part 854 | . 30 . . . . 70 . . . . 144 200 410 Squads Dispatched 34 | . 3 . . . . 13 . . . . 7 6 5 Investigation 10 | . . . . . . 4 . . . . 3 1 2 Extermination 12 | . . . . . . 4 . . . . 4 3 1 Reinforcement 10 | . 3 . . . . 3 . . . . . 2 2 Assault 2 | . . . . . . 2 . . . . . . . Garrison . | . . . . . . . . . . . . . . Intercept . | . . . . . . . . . . . . . . Searches Triggered . | . . . . . . . . . . . . . . Data Miner Redirects 1 | . . . . . . . . . . . 1 . . Construction Impeded 1 | . . . . . . . . . . . . . 1 Haulers Reinforced 1 | . . . . . . 1 . . . . . . . Active Scanning Responses . | . . . . . . . . . . . . . . Cargo Convoy Interrupts . | . . . . . . . . . . . . . . Stealth | -11 -10 -10 -10 -9 -9 -6 -6 -6 -6 -5 -5 -4 -3 --------- Run | Yrd Mat Min Sub Rec Scr Fac Low Low Dat Pro Fac Fac Res Distress Signals 3 | . . . . . . . . . . . . . 3 Communications Jammed 2 | . . . . . . . . . . . 1 . 1 Distress Signals 2 | . . . . . . . . . . . 1 . 1 Times Spotted 175 | . 25 2 18 . . 18 20 3 . . 28 21 40 Peak Tracking Total 7 | . 6 2 3 . . 3 4 3 . . 7 5 7 Tactical Retreats 20 | . 1 . 2 . . 1 8 . . . 5 1 2 Traps | -11 -10 -10 -10 -9 -9 -6 -6 -6 -6 -5 -5 -4 -3 ------- Run | Yrd Mat Min Sub Rec Scr Fac Low Low Dat Pro Fac Fac Res Traps Triggered 7 | . 1 . 1 . . 1 . . . . . 2 2 Indirectly . | . . . . . . . . . . . . . . Trap Hack Attempts . | . . . . . . . . . . . . . . Triggered . | . . . . . . . . . . . . . . Disarmed . | . . . . . . . . . . . . . . Reprogrammed . | . . . . . . . . . . . . . . Reused 7 | . . . . . . . 7 . . . . . . Traps Extracted . | . . . . . . . . . . . . . . Installed 10 | . . . 1 . 1 . 8 . . . . . . Triggered 7 | . . . . . . . 7 . . . . . . Most Traps Carried 2 | . . . 1 . . . 2 . . . . . . Objects Rigged 8 | . . . . . . . . . . . 7 1 . Exploded 6 | . . . . . . . . . . . 5 1 . Machines | -11 -10 -10 -10 -9 -9 -6 -6 -6 -6 -5 -5 -4 -3 ---------- Run | Yrd Mat Min Sub Rec Scr Fac Low Low Dat Pro Fac Fac Res Machines Disabled 28 | . 2 . . . . 6 . . . . 14 6 . Max in Single Turn 4 | . 1 . . . . 4 . . . . 4 3 . Garrison Access 1 | . . . . . . 1 . . . . . . . Machines Repaired . | . . . . . . . . . . . . . . Machines Dismantled . | . . . . . . . . . . . . . . Machines Sabotaged . | . . . . . . . . . . . . . . Overloaded Fab Kills . | . . . . . . . . . . . . . . Hacking | -11 -10 -10 -10 -9 -9 -6 -6 -6 -6 -5 -5 -4 -3 --------- Run | Yrd Mat Min Sub Rec Scr Fac Low Low Dat Pro Fac Fac Res Machines Accessed 65 | . 5 . 3 4 8 15 1 1 4 . 14 4 6 Terminals 24 | . 4 . . 1 . 6 . . . . 7 3 3 Fabricators 5 | . . . . . . 3 . . . . 2 . . Repair Stations 5 | . . . . . . 1 . . . . 2 1 1 Recycling Units 7 | . 1 . . 1 . 2 . . . . 2 . 1 Scanalyzers 4 | . . . . . . 2 . . . . 1 . 1 Garrison Access 1 | . . . . . . 1 . . . . . . . Total Hacks 244 | . 13 . 8 29 50 49 1 1 31 . 39 10 13 Successful 186 | . 9 . 8 26 50 25 1 1 31 . 26 5 4 Failed 56 | . 4 . . 3 . 23 . . . . 12 5 9 Catastrophic 13 | . 1 . . 2 . 2 . . . . 3 1 4 Database Lockouts 2 | . . . . . . 1 . . . . 1 . . Manual 54 | . 9 . . 4 4 14 . . . . 11 8 4 Terminals 62 | . 10 . . 3 . 18 . . . . 19 7 5 Fabricators 13 | . . . . . . 9 . . . . 4 . . Repair Stations 16 | . . . . . . 4 . . . . 6 3 3 Recycling Units 16 | . 3 . . 2 . 5 . . . . 3 . 3 Scanalyzers 20 | . . . . . . 11 . . . . 7 . 2 Garrison Access 2 | . . . . . . 2 . . . . . . . Terminal Hacks 132 | . 4 . 8 24 50 3 1 1 31 . 7 1 2 Record 85 | . . . 6 24 43 . . . 11 . . . 1 Part Schematic 12 | . . . . . . . . . 12 . . . . Robot Schematic 5 | . . . . . . . . . 5 . . . . Robot Analysis 8 | . 2 . . . 6 . . . . . . . . Prototype ID Bank 4 | . . . . . . . . . 3 . 1 . . Open Door 3 | . . . 1 . . . 1 1 . . . . . Branch Access Points 3 | . 1 . . . . . . . . . 1 . 1 Repair Station Index 1 | . . . . . . . . . . . 1 . . Scanalyzer Index 1 | . . . . . . . . . . . 1 . . Alert Level 2 | . . . . . . . . . . . 1 1 . Locate Traps 3 | . 1 . . . . 1 . . . . 1 . . Recall Extermination 1 | . . . . . . 1 . . . . . . . Recall Assault 1 | . . . . . . 1 . . . . . . . Hauler Manifests 1 | . . . . . . . . . . . 1 . . Proto ID Catalog 1 | . . . . . 1 . . . . . . . . Release Object 1 | . . . 1 . . . . . . . . . . Fabricator Hacks 7 | . . . . . . 4 . . . . 3 . . Load Schematic 3 | . . . . . . 2 . . . . 1 . . Build 4 | . . . . . . 2 . . . . 2 . . Repair Station Hacks 6 | . . . . . . 1 . . . . 4 . 1 Scan Component 4 | . . . . . . 1 . . . . 2 . 1 Repair 2 | . . . . . . . . . . . 2 . . Recycling Unit Hacks 3 | . 1 . . 1 . 1 . . . . . . . Report Inventory 3 | . 1 . . 1 . 1 . . . . . . . Scanalyzer 15 | . . . . . . 8 . . . . 6 . 1 Insert Component 4 | . . . . . . 3 . . . . 1 . . Analyze 5 | . . . . . . 4 . . . . 1 . . Retrieve Study 6 | . . . . . . 1 . . . . 4 . 1 Garrison Access Hacks . | . . . . . . . . . . . . . . Unauthorized Hacks 23 | . 4 . . 1 . 8 . . . . 6 4 . Terminals 16 | . 2 . . . . 6 . . . . 5 3 . Assimilate 2 | . . . . . . 1 . . . . 1 . . Botnet 14 | . 2 . . . . 5 . . . . 4 3 . Fabricators . | . . . . . . . . . . . . . . Repair Stations 1 | . . . . . . . . . . . . 1 . Patch 1 | . . . . . . . . . . . . 1 . Recycling Units 6 | . 2 . . 1 . 2 . . . . 1 . . Reject 1 | . 1 . . . . . . . . . . . . Recyclers 2 | . 1 . . . . 1 . . . . . . . Tunnel 1 | . . . . 1 . . . . . . . . . Fedlink 2 | . . . . . . 1 . . . . 1 . . Scanalyzers . | . . . . . . . . . . . . . . Garrison Access . | . . . . . . . . . . . . . . Data Cores Recovered . | . . . . . . . . . . . . . . Used . | . . . . . . . . . . . . . . Hacking Detections 43 | . 5 . . 2 . 14 . . . . 12 4 6 Full Trace Events 9 | . 1 . . 1 . 3 . . . . 2 . 2 Feedback Events 2 | . . . . . . 2 . . . . . . . Corruption 2 | . . . . . . 2 . . . . . . . Feedback Blocked . | . . . . . . . . . . . . . . Robot Schematics Acquired 5 | . . . . . . . . . 5 . . . . Robots Built . | . . . . . . . . . . . . . . Authchips . | . . . . . . . . . . . . . . Time . | . . . . . . . . . . . . . . Total Robot Build Rating . | . . . . . . . . . . . . . . Part Schematics Acquired 48 | . . . . . 8 17 1 3 13 . 6 . . Parts Built 4 | . . . . . . 2 . . . . 2 . . Authchips . | . . . . . . . . . . . . . . Time 382 | . . . . . . 89 . . . . 293 . . Total Part Build Rating 22 | . . . . . . 9 . . . . 13 . . Part Studies Acquired 6 | . . . . . . 1 . . . . 4 . 1 Parts Repaired 2 | . . . . . . . . . . . 2 . . Time 66 | . . . . . . . . . . . 66 . . Parts Recycled . | . . . . . . . . . . . . . . Recycled Matter . | . . . . . . . . . . . . . . Retrieved Matter . | . . . . . . . . . . . . . . Retrieved Components . | . . . . . . . . . . . . . . Parts Scanalyzed 4 | . . . . . . 3 . . . . 1 . . Part Schematics Acquired 4 | . . . . . . 3 . . . . 1 . . Parts Damaged . | . . . . . . . . . . . . . . Bothacking | -11 -10 -10 -10 -9 -9 -6 -6 -6 -6 -5 -5 -4 -3 ------------ Run | Yrd Mat Min Sub Rec Scr Fac Low Low Dat Pro Fac Fac Res Used RIF Installer . | . . . . . . . . . . . . . . Robots Hacked . | . . . . . . . . . . . . . . Non-combat . | . . . . . . . . . . . . . . Combat . | . . . . . . . . . . . . . . Robot Hacks Applied . | . . . . . . . . . . . . . . Relay Couplers Released 1 | . . . . . . 1 . . . . . . . Machine Destruction 1 | . . . . . . 1 . . . . . . . Fabnet Peak Effective % . | . . . . . . . . . . . . . . Robots Rewired . | . . . . . . . . . . . . . . Allies Hacked 1 | . . . . . . . . . . . 1 . . Hacks Repelled . | . . . . . . . . . . . . . . Allies | -11 -10 -10 -10 -9 -9 -6 -6 -6 -6 -5 -5 -4 -3 -------- Run | Yrd Mat Min Sub Rec Scr Fac Low Low Dat Pro Fac Fac Res Total Allies 6 | . . 5 . . . . . . . . 1 . . Largest Group 5 | . . 5 5 . . . . . . . 1 . . Highest-Rated Group 80 | . . 80 80 . . . . . . . 26 . . Highest-Rated Ally 31 | . . 31 31 . . . . . . . 26 . . Total Orders . | . . . . . . . . . . . . . . Ally Attacks 35 | . . . 35 . . . . . . . . . . Total Damage 440 | . . . 440 . . . . . . . . . . Kills 5 | . . . 5 . . . . . . . . . . Allies Corrupted . | . . . . . . . . . . . . . . Allies Melted . | . . . . . . . . . . . . . . Intel | -11 -10 -10 -10 -9 -9 -6 -6 -6 -6 -5 -5 -4 -3 ------- Run | Yrd Mat Min Sub Rec Scr Fac Low Low Dat Pro Fac Fac Res Active Infowar (turns) 15207 | 10 389 379 2143 337 960 2411 1805 980 111 574 2228 1789 1091 Optics 2710 | . . . 907 75 264 291 . . . . . 82 1091 Sensors 11309 | . . . 133 262 695 2383 1804 979 111 574 1998 1679 691 IFF 6 | . . . . . . 6 . . . . . . . Terrain 2266 | 10 389 379 1103 . 1 384 . . . . . . . Structural 6062 | . . . . . . 112 1765 851 111 489 1694 1040 . Traps 3326 | . . . . . . . . 124 . 85 1908 1209 . Cloaking 936 | . . . . . . 871 15 . . . 47 . 3 Jamming 2914 | . . . . . . 364 . . . . 1369 455 726 Robot Analysis Total 8 | . 2 . . . 6 . . . . . . . . Derelict Logs Recovered 11 | . . . 2 . 4 . 2 2 . 1 . . . Drone Launches . | . . . . . . . . . . . . . . Drone Recoveries . | . . . . . . . . . . . . . . Exploration | -11 -10 -10 -10 -9 -9 -6 -6 -6 -6 -5 -5 -4 -3 ------------- Run | Yrd Mat Min Sub Rec Scr Fac Low Low Dat Pro Fac Fac Res Turns Passed 18570 | 61 722 505 2511 337 2794 2633 1851 1003 111 574 2425 1952 1091 Spaces Moved 11969 | 51 347 313 1609 237 1895 1627 1390 711 106 496 1731 878 578 Core 160 | 1 . . . . . . . . . . 136 . 23 Treads 477 | . 204 66 2 . . . . . . . 75 130 . Legs 9 | . . . . . . . . . . . . . 9 Wheels 10840 | 50 143 247 1607 237 1895 1627 1390 711 106 496 1236 748 347 Hover 468 | . . . . . . . . . . . 284 . 184 Flight 15 | . . . . . . . . . . . . . 15 Fastest Speed 50 | 50 80 95 140 140 140 100 105 105 105 105 50 100 50 Average Speed 123 | 79 129 111 140 140 140 114 105 106 105 106 111 151 127 Slowest Speed 320 | 80 160 160 320 140 140 120 120 120 105 120 240 240 260 Overloaded Moves . | . . . . . . . . . . . . . . Propulsion Burnouts . | . . . . . . . . . . . . . . Robots Hopped . | . . . . . . . . . . . . . . Potential Cave-ins 8 | . . . 5 . . 3 . . . . . . . Cave-ins Triggered . | . . . . . . . . . . . . . . Exploration Rate (%) 50 | 3 47 42 75 54 94 31 78 89 69 70 25 15 12 Regions Visited 13 Branch Regions 8 Pre-discovered Areas 5 | . . . 1 1 . . 1 . 1 1 . . . Known Exits Taken 8 | . 1 . . . . 1 1 1 1 1 1 1 . Unknown Exits Taken 5 | 1 . 1 1 1 1 . . . . . . . . Scrap Searched 15 | . . 1 5 . 2 . 3 2 . 2 . . . Spaces Dug 143 | . . . 21 . . 38 36 3 . 3 13 22 7 Terrain Destroyed 568 | . . . 58 . . 44 36 3 . 3 237 66 121 Melee 92 | . . . 12 . . 27 15 3 . 3 11 15 6 Projectile 64 | . . . 9 . . 13 . . . . 2 33 7 AOE 412 | . . . 37 . . 4 21 . . . 224 18 108 Terrain Rammed . | . . . . . . . . . . . . . . Walls Destroyed . | . . . . . . . . . . . . . . Machines Disabled . | . . . . . . . . . . . . . . Actions | -11 -10 -10 -10 -9 -9 -6 -6 -6 -6 -5 -5 -4 -3 --------- Run | Yrd Mat Min Sub Rec Scr Fac Low Low Dat Pro Fac Fac Res Total 14804 | 66 503 448 1783 242 2045 2203 1743 928 105 533 2116 1315 774 Wait 1499 | 1 61 112 22 2 72 290 269 174 . 29 190 246 31 Move 11956 | 50 346 312 1608 236 1894 1626 1389 710 105 495 1730 877 578 Hop . | . . . . . . . . . . . . . . Pick Up 222 | 7 9 1 26 1 37 36 21 6 . 1 32 32 13 Fast Attach 69 | 6 . 2 2 . . 8 1 1 . . 11 11 27 Attach 90 | 1 4 . 3 . . 18 . 5 . . 21 14 24 Detach 8 | . . 1 1 . . 1 . . . . 2 1 2 Swap 176 | . 17 6 27 2 5 46 10 6 . 2 24 26 5 Drop 168 | . 9 1 30 1 23 35 19 5 . 1 21 17 6 Fire 269 | 1 57 13 38 . . 33 3 . . . 6 54 64 Melee 306 | . . . 25 . . 110 23 17 . 5 71 36 19 Ram 3 | . . . . . . . . . . . 1 . 2 Kick 3 | . . . . . . . . . . . . . 3 Crush . | . . . . . . . . . . . . . . Escape Stasis . | . . . . . . . . . . . . . . Rewire 17 | . . . . . 13 . . 4 . . . . . Trap 18 | . . . 1 . 1 . 8 . . . 7 1 . Miscellaneous . | . . . . . . . . . . . . . . Route ------- -11/Scrapyard -10/Materials (discovered 3 exits: [*Mat] / *Min x2) -10/Mines -10/Subcaves (discovered 3 exits: *Mat x2 / *Rec) -9/Recycling -9/Scraptown (discovered 2 exits: *Fac x2) -6/Factory (discovered 6 exits: Fac x4 / *Low x2) -6/Lower Caves -6/Lower Caves (discovered 2 exits: *Fac / *Dat) -6/Data Miner -5/Proximity Caves -5/Factory (discovered 6 exits: *Fac x2 / *Upp x2 / *Ext x2) -4/Factory -3/Research (discovered 3 exits: Arm / Qua x2) History --------- Turn | Location | Event 13 | -11/Scrapyard | Discovered new exit (range 16) 62 | -11/Scrapyard | Entered Materials 295 | -10/Materials | Discovered new exit (range 6) 318 | -10/Materials | Build established: Mutant 642 | -10/Materials | Core integrity fell below 50% 719 | -10/Materials | Identified exit to Mines 784 | -10/Materials | Entered Mines 811 | -10/Mines | Assembled infested the area 847 | -10/Mines | Found a damaged Exp. Sensor Array with a note attached 849 | -10/Mines | Found Prototype Device 1228 | -10/Mines | Assisted by bots powering up and referring to "LRC-V3" 1276 | -10/Mines | Discovered new exit (range 6) 1289 | -10/Mines | Entered Subcaves 1289 | -10/Subcaves | Accompanied by 5 allies 1290 | -10/Subcaves | Approached by a straggling Scientist 1292 | -10/Subcaves | Learned location of Zion (-7) 1294 | -10/Subcaves | Led the pair of lost Derelicts to an unsafe place 1378 | -10/Subcaves | Curiously followed by a Cobbler waking with a query about "LVR3C" 1441 | -10/Subcaves | Shifting Twisted Machinery released Sub. Beam Cannon 1448 | -10/Subcaves | Shifting Twisted Machinery released Scrap Shield 1464 | -10/Subcaves | Build established: Scavenger-Mutant 1547 | -10/Subcaves | Disturbed a concealed Subdweller 1635 | -10/Subcaves | Shifting Twisted Machinery released Sub. Power Source 1698 | -10/Subcaves | Discovered new exit (range 12) 1943 | -10/Subcaves | Shifting Twisted Machinery released Sub. Monowheel 1988 | -10/Subcaves | Build established: Mutant 2119 | -10/Subcaves | Ambushed by Subdweller buried in earth 2234 | -10/Subcaves | Ambushed by Subdwellers from Twisted Machinery 2306 | -10/Subcaves | Shifting Twisted Machinery released Sub. Beam Cannon 2308 | -10/Subcaves | Shifting Twisted Machinery released Scrap Shield 2529 | -10/Subcaves | Build established: Scavenger-Mutant 2734 | -10/Subcaves | A swath of the cavern ceiling suddenly collapsed 2774 | -10/Subcaves | Identified exit to Materials 2817 | -10/Subcaves | Ambushed by Subdwellers from Twisted Machinery 2885 | -10/Subcaves | Visited Clippyterm 2889 | -10/Subcaves | Learned Factory fabricator intel 2889 | -10/Subcaves | Learned 40 Factory zone layouts 3107 | -10/Subcaves | Ambushed by Subdweller buried in earth 3332 | -10/Subcaves | Identified Exp. Sensor Array 3501 | -10/Subcaves | Discovered new exit (range 12) 3684 | -10/Subcaves | Found SUBCON Basin 3800 | -10/Subcaves | Entered Recycling 4088 | -9/Recycling | Scanned before Scraplab entrance 4107 | -9/Recycling | Entered Scraplab 4136 | -9/Recycling | Discovered new exit (range 2) 4137 | -9/Recycling | Entered Scraptown 4137 | -9/Scraptown | System corruption cleaned by C-Scrubber 4614 | -9/Scraptown | Visited Shadow of the Wyrm 4645 | -9/Scraptown | Heard Great Nut preacher, LISTEN AND RECITE! 4684 | -9/Scraptown | Visited Science Testing Area 4727 | -9/Scraptown | Visited TADAMA 4924 | -9/Scraptown | Scanned Subdweller tech in exchange for log data 4926 | -9/Scraptown | Learned Research stockpile data 4928 | -9/Scraptown | Learned 12 Factory zone layouts 4929 | -9/Scraptown | Learned location of 1 exit from Lower Caves 4931 | -9/Scraptown | Learned Factory emergency access door positions 4949 | -9/Scraptown | Discovered new exit (range 7) 5418 | -9/Scraptown | Visited UFD Registry 5437 | -9/Scraptown | Visited Cyclists 5469 | -9/Scraptown | Visited Assassins FH 5673 | -9/Scraptown | Registered with UFD as "Longmod" 5728 | -9/Scraptown | Visited Scrapoid Pod Storage 5736 | -9/Scraptown | Found Scrapoid Pod 5780 | -9/Scraptown | Visited Scrapoid Research Area 5843 | -9/Scraptown | Visited Scrap Suit Storage 5916 | -9/Scraptown | Discovered new exit (range 5) 6020 | -9/Scraptown | Visited A0-MCA Data Center 6028 | -9/Scraptown | Given a C- rating by A0-MCA 6031 | -9/Scraptown | Found A0-MCA's Component Scanner 6051 | -9/Scraptown | Visited Abandonware Association 6066 | -9/Scraptown | Learned abandonware demo "ERRANTS.EXE" 6066 | -9/Scraptown | Learned abandonware demo "HACKBUD.EXE" 6095 | -9/Scraptown | Visited Analyses Database 6142 | -9/Scraptown | Visited Observation Area 6284 | -9/Scraptown | Delivered Scrap Shield to a Scientist 6528 | -9/Scraptown | Visited Chapter 10 6564 | -9/Scraptown | Tech Extrapolator generated special schematic: Deep Structural Scanner 6586 | -9/Scraptown | Visited Junk Repository 6638 | -9/Scraptown | Visited Science Guys 6667 | -9/Scraptown | Warned about trapping Scraptown 6720 | -9/Scraptown | Tech Extrapolator generated special schematic: Machine Rigger 6733 | -9/Scraptown | Entered Cyclist Reading Room 6868 | -9/Scraptown | Found Scrap Suit 6931 | -9/Scraptown | Entered Factory 6931 | -6/Factory | Evolved 8 slots: Power x1, Propulsion x2, Utility x5 6932 | -6/Factory | Identified exit to Factory 6932 | -6/Factory | Identified exit to Lower Caves 6934 | -6/Factory | Loaded intel: 5 fabricator locations 7136 | -6/Factory | Fabricated Imp. Hacking Suite? 7585 | -6/Factory | Fabricated Deep Structural Scanner? 7623 | -6/Factory | Build established: Mutant 7625 | -6/Factory | Tech Extrapolator generated special schematic: Energy Deflector 7954 | -6/Factory | Found Hvy. Reflective Plating 8578 | -6/Factory | Found Powered Armor 8917 | -6/Factory | Central database locked down 8991 | -6/Factory | Loaded intel: 8 recycling unit locations 9248 | -6/Factory | Lost 7 parts (2p2n2u1w) 9564 | -6/Factory | Entered Lower Caves 9565 | -6/Lower Caves | Identified exit to Lower Caves 9566 | -6/Lower Caves | UFD Scientist delivered a prototype 9578 | -6/Lower Caves | Found Enh. Scrap Shield 9857 | -6/Lower Caves | Build established: Assassin 11118 | -6/Lower Caves | Learned location of Extension (-5) 11320 | -6/Lower Caves | Found Alien Artifact 11415 | -6/Lower Caves | Entered another Lower Caves area 11447 | -6/Lower Caves | Encountered a Warlord checkpoint 11487 | -6/Lower Caves | Discovered exit to Factory (range 10) 11579 | -6/Lower Caves | Identified Core Expander 11579 | -6/Lower Caves | Installed Core Expander, added new Weapon slot 11899 | -6/Lower Caves | Learned 4 Factory zone layouts 12385 | -6/Lower Caves | Discovered new exit (range 8) 12417 | -6/Lower Caves | Identified exit to Data Miner 12418 | -6/Lower Caves | Entered Data Miner 12418 | -6/Data Miner | Discovered new exit (range 6) 12423 | -6/Data Miner | Identified exit to Proximity Caves 12438 | -6/Data Miner | Met Data Miner 12458 | -6/Data Miner | Learned location of Section 7 (-2) 12458 | -6/Data Miner | Acquired the access code to Warlord's prototype stash 12476 | -6/Data Miner | Received God Mode back door access code from Data Miner 12529 | -6/Data Miner | Entered Proximity Caves 12857 | -5/Proximity Caves | Discovered exit to Factory (range 11) 12887 | -5/Proximity Caves | Received a Behemoth hack from an annoying Tinkerer 13103 | -5/Proximity Caves | Entered Factory 13103 | -5/Factory | Evolved 2 slots: Utility x2 13291 | -5/Factory | Discovered new exit (range 11) 13367 | -5/Factory | Identified exit to Factory 13445 | -5/Factory | Build established: Infiltrator-Assassin 13452 | -5/Factory | Identified exit to Upper Caves 13452 | -5/Factory | Identified exit to Extension 13676 | -5/Factory | Repaired Arm. Huge Wheel+ 13743 | -5/Factory | Discovered exit to Factory (range 9) 14103 | -5/Factory | Fabricated Smartbomb Launcher? 14146 | -5/Factory | Repaired Arm. Huge Wheel+ 14452 | -5/Factory | Central database locked down 14497 | -5/Factory | Fabricated Machine Rigger? 14635 | -5/Factory | Core integrity fell below 50% 14677 | -5/Factory | Core integrity fell below 20% 14686 | -5/Factory | Lost 21 parts (3p4n7u7w) 14799 | -5/Factory | System corruption reached 10% 15397 | -5/Factory | Build established: Assassin 15463 | -5/Factory | Loaded intel: 8 recycling unit locations 15478 | -5/Factory | Incoming investigation squad redirected 15528 | -5/Factory | Entered another Factory area 15528 | -4/Factory | Evolved 2 slots: Propulsion x2 16712 | -4/Factory | System corruption reached 10% 17003 | -4/Factory | Build established: Scavenger-Mutant 17329 | -4/Factory | Lost 3 parts (2n1u) 17395 | -4/Factory | Lost 4 parts (1p1n2u) 17473 | -4/Factory | Discovered new exit (range 3) 17479 | -4/Factory | Identified exit to Research 17480 | -4/Factory | Entered Research 17480 | -3/Research | Evolved 2 slots: Utility x2 17508 | -3/Research | Lost 6 parts (2n1u3w) 17545 | -3/Research | Lost 3 parts (1p1n1u) 17551 | -3/Research | Identified exit to Armory 17551 | -3/Research | Identified exit to Quarantine 18055 | -3/Research | Build established: Scavenger-Assassin 18231 | -3/Research | System corruption reached 10% 18288 | -3/Research | Lost 18 parts (2p8n4u4w) 18461 | -3/Research | Core integrity fell below 50% 18512 | -3/Research | Lost 15 parts (2p6n7w) 18555 | -3/Research | Core integrity fell below 20% 18571 | -3/Research | Destroyed by H-71 Marshal with Heavy Mass Driver Last Messages --------------- 18541_ Integrated Corrupted Flexi-carbon Leg (+2). 18541_ Complication: Imp. Coolant Injector rejected. 18542_ K-01 Serf collects debris. 18542_ Dropped Hcp. Storage Unit. 18543_ Adv. Melee Analysis Suite destroyed. 18544_ Acquired Flexi-carbon Leg. 18544_ K-01 Serf collects debris. 18547_ K-01 Serf destroyed. 18548_ K-01 Serf collects debris. 18549_ System corrupted: Component data lost. 18549_ K-01 Serf collects debris. 18551_ Acquired Q-thruster. 18553_ P-80 Master resets R-10 Processor, system corruption cleaned. 18554_ Acquired Q-thruster. 18558_ Acquired Imp. Cloaking Device. 18565_ Slug penetrates Wall. 18567_ Flexi-carbon Leg blasted off. 18567_ Connecting with Terminal... 18569_ Knocked back. 18571_ Penetrated by Slug. Map ----- +----------------------------------------------------+ | ?????????????????????## !! % | | ?????????????????????#####/######+################ | | ???????????????=?????# #% * % #?????# | | ?????????????????????# #% #?????### | | ?????????????????????# / #???????# | | ????????????????????## # #???????? | | ????????????????????#=% # #???????? | | ????????????????????##[ * # " " #???????? | | ?????????????????????# # "Y" ######### | | ?????????????????????# # """ # ## | | ?????????????????????#####/############### ## | | ?????????????????????????#g#????????????## ## | | ?????????????????????????# #?????????????# ## ! | | ?????????????????????????# #?????????????# ## ! | | ?????????????????????????# ##????????????# ## ! | | ?????????????????????????# ;#????????????# ## | | ????????????????######?### ;##???????????# ## | | ????????????????# # p% #???????????# #### | | ????????????????# #="" ###############+##T # | | ????????????????# + T | | ????????????????# # % ############### | | ????????????????# # #?????????????# ^ | | ????????????????# ! ?## ##?????????????# """ | | ????????????????######??# %#??????????????# ""T | | ????????????????????????# #??????????????# | | ????????????????????????#@ #??????????????# | | ????????????????????????# #??????????????+ | | ???????????????????????? ?????????????# | | ???????????????????????? #????????????+ | | ??????????????????????? H #????????????###""T" | | ??????????????????????? #??????????????#"""" | | ?????????????????????? #??????????????##### | | ??????????????????????# #??????????????????? | | ??????????????????????# #????????????????### | | ??????????????????????#########????????????????# | | ???????????????????????????????????????????????# | | ???????????????????????????????????????????????# | | ???????????????????????????????????????????????# | | ???????????????????????????????????????????????# | | ???????????????????????????????????????????????# | | ???????????????????????????????????????????????# | | ???????????????????????????????????????????????# | | ???????????????????????????????????????????????### | | ?????????????????????????????????????????????????? | | ?????????????????????????????????????????????????? | | ?????????????????????????????????????????????????? | | ?????????????????????????????????????????????????? | | ?????????????????????????????????????????????????? | | ?????????????????????????????????????????????????? | | ?????????????????????????????????????????????????? | +----------------------------------------------------+ Best States ------------- Heat Dissipation 74 Coolant Potential 160 Energy Generation 35 Energy Capacity 565 Matter Stores 300 Matter Capacity 300 Sight Range 21 Robot Scan Range 20 Terrain Scan Range 16 Terrain Scan Density 85 Jamming Range 16 Cloak Strength 3 Additional Mass Support 12 Armor Coverage 800 Resistance: KI 25 Resistance: TH 25 Resistance: EM 25 Core Shielding 30 Power Shielding 66 Melee Speed Boost 20 Evasion (%) 59 Melee Accuracy 24 Recoil Reduction 8 Offensive Hacking 12 Item Schematics ----------------- Spk. Treads | -9/Scraptown | Extrapolated Mak. Leg | -9/Scraptown | Extrapolated Mak. Light Armor Plating | -9/Scraptown | Extrapolated Hvy. Battle Rifle | -9/Scraptown | Extrapolated Deep Structural Scanner | -9/Scraptown | Extrapolated Mak. Coolant Network | -9/Scraptown | Extrapolated Machine Rigger | -9/Scraptown | Extrapolated Mak. Spear | -9/Scraptown | Extrapolated Spk. Medium Treads | -6/Factory | Extrapolated Beamcaster | -6/Factory | Extrapolated Mak. Hacking Suite | -6/Factory | Extrapolated Ripper | -6/Factory | Extrapolated Mak. Sensor Array | -6/Factory | Extrapolated 0b10 Decoder Chip [Generic] | -6/Factory | Extrapolated 0b10 Decoder Chip [Scout] | -6/Factory | Extrapolated 0b10 Decoder Chip [Skirmisher] | -6/Factory | Extrapolated Tactical Coordination Suite | -6/Factory | Extrapolated Energy Deflector | -6/Factory | Extrapolated Bore Cannon | -6/Factory | Extrapolated Mak. Thermal Plating | -6/Factory | Extrapolated Mak. Core Shielding | -6/Factory | Extrapolated Arm. Huge Wheel | -6/Factory | Scanalyzed CPS Tube | -6/Factory | Scanalyzed Cloaking Device | -6/Factory | Scanalyzed Mak. Targeting Computer | -6/Factory | Extrapolated Mak. Trap Scanner | -6/Lower Caves | Extrapolated Enh. Flamer | -6/Lower Caves | Extrapolated Mak. Laser | -6/Lower Caves | Extrapolated Hvy. Beamcaster | -6/Lower Caves | Extrapolated Combat Drone Bay | -6/Data Miner | Free Lgt. Regenerative Plating | -6/Data Miner | Free Enh. Flexi-carbon Leg | -6/Data Miner | Free Exp. Heat Sink | -6/Data Miner | Free Imp. Gyrokinetic Inverter | -6/Data Miner | Free Mni. Smartbomb Launcher | -6/Data Miner | Free Graphene Brace | -6/Data Miner | Free Dispersion Rifle | -6/Data Miner | Free Tesla Rifle | -6/Data Miner | Free Adv. Power Amplifier | -6/Data Miner | Free Hvy. Siege Treads | -6/Data Miner | Free Adv. Recalibrator | -6/Data Miner | Free Mak. System Shield | -6/Data Miner | Extrapolated Multitool | -5/Factory | Extrapolated Spk. Heavy Treads | -5/Factory | Extrapolated Mak. Kinetic Plating | -5/Factory | Extrapolated Mak. System Restoration Module | -5/Factory | Extrapolated Imp. Arc Thrower | -5/Factory | Extrapolated Force Rifle | -5/Factory | Scanalyzed Robot Schematics ------------------ B-60 Warrior | -6/Data Miner | Free D-63 Destroyer | -6/Data Miner | Free L-41 Fighter | -6/Data Miner | Free A-15 Conveyor | -6/Data Miner | Free W-44 Eye | -6/Data Miner | Free Fabricated ------------ Imp. Hacking Suite | x1 | -6/Factory | Preloaded Deep Structural Scanner | x1 | -6/Factory Smartbomb Launcher | x1 | -5/Factory | Preloaded Machine Rigger | x1 | -5/Factory Repaired ---------- Arm. Huge Wheel | 46% | -5/Factory Arm. Huge Wheel | 20% | -5/Factory Studied --------- Arm. Huge Wheel | -6/Factory | Hacked Chainsword | -5/Factory | Hacked Fission Core | -5/Factory | Hacked Wheel | -5/Factory | Hacked Variable Charge Gun | -5/Factory | Hacked Centrium Wheel | -3/Research | Hacked Alien Tech Used ----------------- Core Expander Achievements -------------- A Problem For Future Me All Kinds Of Bad News Do Not Disturb Inventory Pressure Scientist At Large Wiki Contributor Challenges ------------ None Game ------ Seed CobblerTractorMeganuke Manual? 0 Play Time 08:31:59 Cumulative 269.9 hours Start 2025.12.28 @ 14:23:46 End 2025.12.31 @ 02:10:55 Sessions 41 Manual Loads 0 Difficulty Rogue Special Mode None Game No. 86 Rogue 86 Adventurer 0 Explorer 0 Win Type - Total 2 Types 2/0/0/0/0/0/0/0/0/0 Lore% 59 Gallery% 62 Achievement% 42 Wizard Run 0 Options --------- Layout 0 ASCII 0 Keyboard 0 Movement Numpad Keybinds 1 Fullscreen 2 Font 18/X11 Map View 76x50 Zoom Use 0% Tactical HUD 1 Map Filters NONE Filters NONE Steam 1 RUN: 27be01fb-6c50-49a6-90f2-b4369c0fda23